 Dungeon Crawl Stone Soup version 0.25-a0-474-ga8a2ee3166 (webtiles) character file.

Game seed: 15488239433385835350, levelgen mode: deterministic

219428 mopl the Champion of Chaos (level 18, -11/141 (142) HPs)
             Began as a Demonspawn Artificer on Feb 5, 2020.
             Was the Champion of Makhleb.
             Mangled by Arachne
             ... wielding the +9 staff of Olgreb {rPois∞}
              (29 damage)
             ... on level 4 of the Spider Nest on Feb 6, 2020.
             The game lasted 01:44:15 (36756 turns).

mopl the Champion of Chaos (Demonspawn Artificer)  Turns: 36756, Time: 01:44:16

HP:   -11/141 (142) AC: 19    Str: 20      XL:     18   Next: 1%
MP:   0/29          EV: 13    Int: 13 (14) God:    Makhleb [******]
Gold: 1034          SH:  0    Dex: 10      Spells: 17/17 levels left

rFire    + . .     SeeInvis +   a - +7 double sword (venom)
rCold    . . .     Gourm    .   f - +2 buckler
rNeg     . . .     Faith    .   O - +2 troll leather armour {Snorg}
rPois    +         Spirit   +   (helmet unavailable)
rElec    .         Reflect  .   C - +0 cloak
rCorr    +         Harm     .   h - +2 pair of gloves {archery}
MR       ++...                  P - +1 pair of boots
Stlth    +.........             Q - amulet of the Bruised Shrikes {RegenMP rPois Dex-3 Slay+5 SInv}
HPRegen  0.73/turn              H - +4 ring of evasion
MPRegen  0.67/turn              z - ring of protection from magic

@: lethally poisoned (-11 -> -11), held
A: antennae 3, yellow scales 3, fire resistance 1, augmentation 1, magic shield,
magic regeneration, magic link, flame cloud immunity
}: 2/15 runes: decaying, gossamer
a: Minor Destruction, Lesser Servant of Makhleb, Major Destruction, Greater
Servant of Makhleb, Renounce Religion


You were on level 4 of the Spider Nest.
You worshipped Makhleb.
Makhleb was exalted by your worship.
You were hungry.

You visited 5 branches of the dungeon, and saw 31 of its levels.
You also visited: Ossuary and Ice Cave.

You collected 3271 gold pieces.
You spent 2237 gold pieces at shops.

Inventory:

Hand Weapons
 a - a +7 double sword of venom (weapon)
 b - a +3 scimitar of flaming
Missiles
 g - 10 boomerangs (quivered)
 i - 6 javelins
 s - a throwing net
 B - 51 poisoned darts
 F - 11 boomerangs of dispersal
 S - 9 curare-tipped darts
Armour
 f - a +2 buckler (worn)
 h - a +2 pair of gloves of archery (worn)
 C - a +0 cloak (worn)
 O - a +2 troll leather armour (worn) {Snorg}
 P - a +1 pair of boots (worn)
Jewellery
 z - a ring of protection from magic (right hand)
 H - a +4 ring of evasion (left hand)
 Q - the amulet of the Bruised Shrikes (around neck) {RegenMP rPois Dex-3 Slay+5 SInv}
   (You bought it in a shop on level 2 of the Orcish Mines)

   [amulet of magic regeneration]

   It increases your magic regeneration.
   It affects your dexterity (-3).
   It affects your accuracy and damage with ranged weapons and melee attacks
   (+5).
   It protects you from poison.
   It lets you see invisible.
 Z - the ring of Siucot {rN+ Int+2}
   (You found it on level 4 of the Swamp)

   [ring of positive energy]

   It affects your intelligence (+2).
   It protects you from negative energy.
Wands
 j - a wand of polymorph (40)
 o - a wand of scattershot (13)
 v - a wand of paralysis (13)
 y - a wand of iceblast (12)
 D - a wand of digging (4)
 G - a wand of disintegration (13)
 V - a wand of clouds (16)
Scrolls
 k - 14 scrolls of teleportation
 l - 17 scrolls of remove curse
 m - 12 scrolls of identify
 q - 10 scrolls of magic mapping
 r - 5 scrolls of blinking
 w - 3 scrolls of fog
 E - 2 scrolls of summoning
 I - 2 scrolls of brand weapon
 L - a scroll of fear
Potions
 d - 7 potions of curing
 e - a potion of resistance
 n - 6 potions of haste
 p - 2 potions of invisibility
 t - a potion of heal wounds
 u - 3 potions of lignification {!q}
 x - 3 potions of agility
 A - 2 potions of magic
 J - 7 potions of flight
 K - a potion of ambrosia
 M - 4 potions of might
 T - 3 potions of cancellation
 U - 2 potions of berserk rage {!q}
 W - a potion of brilliance
Miscellaneous
 R - a phantom mirror
 X - a phial of floods (inert)
 Y - a lamp of fire
Comestibles
 c - 48 rations


   Skills:
 + Level 12.6 Fighting
   Level 0.8(9.9) Short Blades
 * Level 14.8 Long Blades
 + Level 10.4 Throwing
 + Level 11.7 Armour
 + Level 11.8 Dodging
 - Level 0.8 Stealth
 + Level 3.9 Shields
 + Level 15.7 Invocations
 + Level 9.3 Evocations


You had 17 spell levels left.
You didn't know any spells.
Your spell library contained the following spells:

 Spells                   Type           Power        Failure   Level  Hunger
 Animate Skeleton         Necr           N/A          34%         1    ##.....
 Magic Dart               Conj           #...         34%         1    ##.....
 Pain                     Necr           #...         34%         1    ##.....
 Sting                    Tmut/Pois      #...         34%         1    ##.....
 Poisonous Vapours        Pois/Air       #.....       45%         2    ###....
 Searing Ray              Conj           #.....       45%         2    ###....
 Confusing Touch          Hex            #.......     71%         3    ####...
 Conjure Flame            Conj/Fire      #.......     71%         3    ####...
 Dazzling Flash           Conj/Hex       #.....       71%         3    ####...
 Gell's Gravitas          Tloc           #.........   71%         3    ####...
 Mephitic Cloud           Conj/Pois/Air  #.......     71%         3    ####...
 Spider Form              Tmut/Pois      #.........   71%         3    ####...
 Vampiric Draining        Necr           #.........   71%         3    ####...
 Animate Dead             Necr           N/A          98%         4    #####..
 Fulminant Prism          Conj/Hex       #.........   98%         4    #####..
 Ice Form                 Ice/Tmut       #.......     98%         4    #####..
 Iskenderun's Mystic Bla  Conj/Tloc      #.......     98%         4    #####..
 Petrify                  Tmut/Erth      #.......     98%         4    #####..
 Summon Lightning Spire   Summ/Air       #.......     98%         4    #####..
 Agony                    Necr           #.......     100%        5    ######.
 Blade Hands              Tmut           #.........   100%        5    ######.
 Metabolic Englaciation   Hex/Ice        #.........   100%        5    ######.
 Silence                  Hex/Air        #.........   100%        5    ######.
 Yara's Violent Unravell  Hex/Tmut       #.........   100%        5    ######.
 Conjure Ball Lightning   Conj/Air       #.........   100%        6    #######
 Deflect Missiles         Chrm/Air       #.........   100%        6    #######
 Freezing Cloud           Conj/Ice/Air   #.........   100%        6    #######
 Ozocubu's Refrigeration  Ice            #.........   100%        6    #######
 Simulacrum               Ice/Necr       #.........   100%        6    #######
 Statue Form              Tmut/Erth      #........    100%        6    #######
 Ring of Flames           Chrm/Fire      #.........   100%        7    #######
 Tornado                  Air            #.........   100%        9    #######


Dungeon Overview and Level Annotations

Branches:
Dungeon (15/15)            Temple (0/1) D:7            Lair (6/6) D:10
  Swamp (4/4) Lair:2       Spider (4/4) Lair:3        Slime (0/5) Lair:5
    Orc (2/2) D:10            Elf (0/3) Orc:2        Vaults (0/5) D:13
 Depths (0/5) D:15        Ossuary (visited)           IceCv (visited)

Altars:
Ashenzari
Cheibriados
Elyvilon
Gozag
Kikubaaqudgha
Makhleb
Nemelex Xobeh
Okawaru
Ru
Sif Muna
Trog
Uskayaw
Yredelemnul
Zin
The Shining One
Jiyva

Shops:
D:7 *!:?   D:13 (   D:14 %?   Orc:2 *=:[

Annotations:
Spider:4 Arachne


Innate Abilities, Weirdness & Mutations

You have a pair of large antennae on your head. (SInv)
You are completely covered in yellow scales. (AC +4, rCorr)
Your flesh is heat resistant. (rF+)
Your magical and physical power is slightly enhanced at high health.
When hurt, damage is shared between your health and your magic reserves.
You regenerate magic rapidly.
When low on magic, you restore magic in place of health.
You are immune to clouds of flame.


Message History

Arachne hits you with the +9 staff of Olgreb {rPois∞}!!!
* * * LOW HITPOINT WARNING * * *
You are poisoned.
You hear an angry hiss.
Unknown command.
Unknown command.
Unknown command.
Evoke which item? (* to show all) (? for menu, Esc to quit)
Aim the phial where?
Press: ? - help, Shift-Dir - straight line, f/p - Arachne
Aim: Arachne, wielding the +9 staff of Olgreb {rPois∞} (almost dead, unusually strong)
The torrent of water hits Arachne!!
Arachne is almost dead.
The wave splashes down.
The water rises up and takes form.
You feel sick.
You hear an angry hiss.
You hear an angry buzzing noise.
A wolf spider comes into view.
The jumping spider pounces on you but does no damage.
The jumping spider bites you but does no damage.
Arachne hits you with the +9 staff of Olgreb {rPois∞}!!
You die...

########### ###### ##...^.....# #
###^†EE####..^....^..^ #####
######...s@H≈≈.^..###.###^†
#.#.###..##...####≈≈..^.^.###^...
<^...#.^##^.### ###s............
.....#.##..## #.^...^......^.
.^.^.#.#..## #...{^^..#...#...
##.†.#.#.## ......#...###.###..
#...†..### #.....###...#..^#^..
###....#######....^ ^....^......
##...........'....s ...^.......


You could see Arachne, a wolf spider, a jumping spider and 2 friendly water
elementals.

Vanquished Creatures
  A bone dragon (Swamp:4)
  An Ice Fiend (IceCv)
  Frances (Swamp:1)
  3 thorn hunters
  3 ghost moths
  Aizul (Swamp:1)
  3 emperor scorpions (Spider:4)
  3 entropy weavers
  A dire elephant (D:15)
  2 spark wasps (Spider:4)
  Snorg (D:11)
  2 ogre magi (Orc:2)
  A great orb of eyes (D:15)
  10 hydras
  2 ghost crabs (Swamp:4)
  3 shambling mangroves
  11 two-headed ogres
  The ghost of Zenonira the Basher, a journeyman DsGl of Dithmenos (Lair:1)
  7 centaur warriors
  11 alligators
  A death yak (Lair:6)
  Urug (Lair:6)
  Sonja (Lair:6)
  A deep troll (Orc:1)
  8 unseen horrors
  A spriggan druid (Swamp:4)
  A spectral hydra (Swamp:4)
  6 swamp dragons
  24 orb spiders
  2 wolf spider zombies (D:15)
  2 phantasmal warriors (Swamp:4)
  27 wolf spiders
  6 ugly things
  An orc sorcerer (Orc:1)
  A deep elf mage (D:14)
  5 cyclopes
  A salamander (D:15)
  A manticore (D:15)
  4 elephants (Lair:4)
  A guardian serpent (Lair:6)
  A moth of wrath (Lair:1)
  Maurice (D:12)
  7 black mambas
  The ghost of Tux the Skirmisher, a novice FoFi of Qazlal (D:4)
  3 ice statues
  6 torpor snails
  2 gargoyles
  19 spiny frogs
  3 centaur skeletons
  3 kobold demonologists
  3 rime drakes
  9 komodo dragons
  17 demonic crawlers
  4 ice devils (IceCv)
  3 freezing wraiths (IceCv)
  3 swamp worm zombies (Swamp:4)
  An efreet (D:14)
  3 hydra zombies (Swamp:4)
  3 anaconda simulacra (IceCv)
  A golden dragon simulacrum (IceCv)
  3 meliai (Spider:4)
  A polar bear (Lair:6)
  37 jumping spiders
  18 trolls
  13 tyrant leeches
  17 hornets
  11 bog bodies
  3 blink frogs
  3 alligator zombies (Swamp:4)
  9 slime creatures
  17 dream sheep
  2 spectral swamp dragons (Swamp:4)
  4 hippogriffs
  9 wyverns
  4 shadows
  2 dire elephant simulacra (IceCv)
  3 vampires
  60 redbacks
  27 tarantellas
  3 basilisks
  14 yaks
  2 hogs (D:7)
  6 humans (D:7)
  Grum (D:11)
  2 hungry ghosts
  3 steam dragons (Lair:6)
  18 vampire mosquitoes
  18 insubstantial wisps
  A death yak simulacrum (IceCv)
  3 harpy simulacra (IceCv)
  Edmund (D:5)
  A warg (Orc:2)
  9 swamp worms
  2 soldier ants (D:14)
  3 iron troll simulacra (IceCv)
  2 hydra simulacra (IceCv)
  19 water moccasins
  3 acid dragons
  3 porcupines
  3 sky beasts
  10 swamp drakes
  18 orc warriors
  4 swamp dragon zombies (Swamp:4)
  An ettin simulacrum (IceCv)
  2 ice beasts
  A necrophage (D:7)
  29 ogres
  9 phantoms
  A boggart (D:5)
  22 wolves
  11 centaurs
  16 crocodiles
  7 big kobolds
  11 bullfrogs
  2 elf zombies (Ossuary)
  Dowan (D:5)
  4 scorpions
  9 electric eels
  15 wights
  2 howler monkeys (D:11)
  2 draconian simulacra (IceCv)
  5 crimson imps
  5 hounds
  5 centaur zombies
  2 jellies
  7 orc priests
  A human zombie (Ossuary)
  A quasit (D:13)
  A bullfrog skeleton (D:13)
  17 orc wizards
  5 iguanas
  3 spectral swamp drakes (Swamp:4)
  2 worker ants
  5 spriggan simulacra (IceCv)
  3 polar bear simulacra (IceCv)
  5 troll simulacra (IceCv)
  A wolf simulacrum (IceCv)
  A centaur simulacrum (IceCv)
  3 mummies
  A hound skeleton (D:7)
  A hound zombie (D:7)
  A howler monkey zombie (D:11)
  11 adders
  8 gnolls
  A howler monkey skeleton (D:8)
  A swamp drake zombie (Swamp:4)
  A naga simulacrum (IceCv)
  6 shadow imps
  7 white imps (IceCv)
  3 ufetubi (IceCv)
  An adder skeleton (D:4)
  A worm (D:2)
  4 dart slugs
  3 leopard geckos
  47 orcs
  2 giant cockroaches
  7 goblins
  9 hobgoblins
  15 jackals
  4 quokkas
  4 ball pythons
  10 bats
  6 frilled lizards
  36 kobolds
  2 rats (D:3)
  2 briar patches (Swamp:3)
  A fungus (Lair:6)
  2 plants
1062 creatures vanquished.

Vanquished Creatures (collateral kills)
  Nikola (Spider:4)
  Roxanne (Swamp:4)
  Louise (D:15)
  A fire dragon (Lair:6)
  3 hydras
  A two-headed ogre (Orc:1)
  A deep troll (Orc:1)
  A spectral hydra (Swamp:4)
  2 wolf spiders
  An orb spider (Spider:4)
  A gargoyle (D:15)
  A torpor snail (Lair:6)
  5 spiny frogs
  A komodo dragon (Lair:1)
  A jumping spider (Spider:4)
  A demonic crawler (Spider:4)
  9 blink frogs
  6 dream sheep
  2 hippogriffs
  2 redbacks (Spider:4)
  5 yaks
  A vampire (D:11)
  5 wyverns (Lair:6)
  A basilisk (Lair:4)
  A steam dragon (Lair:6)
  A swamp worm (Swamp:4)
  An orc warrior (D:11)
  3 wolves (Lair:4)
  2 crocodiles
  2 bullfrogs (Lair:1)
  An electric eel (Lair:2)
  A centaur zombie (Ossuary)
  An orc priest (D:11)
  A gnoll (D:4)
  An orc (D:11)
  A fungus (Lair:6)
  2 plants (Lair:6)
72 creatures vanquished.

Vanquished Creatures (others)
  A blink frog (Lair:3)
  A hog (D:7)
  A vampire mosquito (D:15)
  An insubstantial wisp (Swamp:4)
  3 centaur zombies (Ossuary)
  A human zombie (Ossuary)
  An orc priest (D:11)
  An orc wizard (Orc:2)
  A mummy (Ossuary)
  A gnoll (D:4)
  2 white imps (IceCv)
  4 ufetubi (IceCv)
  An orc (Orc:2)
  3 briar patches (Swamp:3)
  A bush (Lair:6)
  9 fungi
  20 plants
52 creatures vanquished.

Grand Total: 1186 creatures vanquished

Notes
Turn   | Place    | Note
-------+----------+-------------------------------------------
     0 | D:1      | mopl the Demonspawn Artificer began the quest for the Orb.
     0 | D:1      | Reached XP level 1. HP: 15/15 MP: 3/3
    10 | D:1      | Noticed a hog
    10 | D:1      | Noticed a lindwurm
    10 | D:1      | Noticed a black bear
    10 | D:1      | Noticed a wyvern
   195 | D:1      | Reached skill level 2 in Dodging
   414 | D:1      | Gained mutation: Your flesh is heat resistant. (rF+)
                  | [demonic ancestry]
   414 | D:1      | Reached XP level 2. HP: 19/21 MP: 4/4
   977 | D:2      | Found a faded altar of an unknown god.
   992 | D:2      | Reached skill level 1 in Armour
  1024 | D:2      | Became a worshipper of Makhleb the Destroyer
  1024 | D:2      | Reached * piety under Makhleb
  1031 | D:2      | Gained mutation: You have a pair of small antennae on your
                  | head. [demonic ancestry]
  1031 | D:2      | Reached XP level 3. HP: 22/27 MP: 5/5
  1039 | D:2      | Found a glowing golden altar of the Shining One.
  1410 | D:2      | Reached skill level 2 in Fighting
  1639 | D:1      | Reached skill level 1 in Invocations
  1639 | D:1      | Reached XP level 4. HP: 20/33 MP: 6/6
  2469 | D:3      | Reached ** piety under Makhleb
  2635 | D:3      | HP: 1/34 [adder (2)]
  2652 | D:3      | HP: 2/51 [poisoned by an adder]
  2657 | D:3      | HP: 1/51 [poisoned by an adder]
  2997 | D:3      | Gained mutation: You are partially covered in yellow
                  | scales. (AC +2) [demonic ancestry]
  2997 | D:3      | Reached XP level 5. HP: 39/39 MP: 7/7
  3620 | D:4      | Noticed an ogre
  3648 | D:4      | Killed an ogre
  3648 | D:4      | Reached skill level 1 in Throwing
  3648 | D:4      | Reached skill level 2 in Armour
  3648 | D:4      | Reached skill level 3 in Dodging
  3648 | D:4      | Reached skill level 2 in Invocations
  3708 | D:4      | Reached XP level 6. HP: 31/46 MP: 8/8
  4001 | D:4      | Found a sparkling altar of Nemelex Xobeh.
  4075 | D:5      | Entered Level 5 of the Dungeon
  4126 | D:5      | Found a sand-covered staircase.
  4129 | D:5      | Reached skill level 3 in Fighting
  4129 | D:5      | Reached skill level 4 in Evocations
  4152 | Ossuary  | Entered an ossuary
  4412 | Ossuary  | Reached skill level 3 in Invocations
  4503 | Ossuary  | Gained mutation: When hurt, damage is shared between your
                  | health and your magic reserves. [demonic ancestry]
  4503 | Ossuary  | Reached XP level 7. HP: 20/52 MP: 10/10
  4732 | Ossuary  | Reached skill level 2 in Throwing
  5015 | D:4      | Found a runed translucent door.
  5015 | D:4      | Noticed Tux's ghost (novice FoFi)
  5115 | D:4      | You fall into a shaft and drop 3 floors!
  5115 | D:7      | Found Gaemuid's Assorted Antiques.
  5304 | D:7      | Found an iron altar of Okawaru.
  5309 | D:7      | Bought a yellow potion for 25 gold pieces
  5309 | D:7      | Bought a scroll labeled HOOR ORONGIFYDGH for 28 gold pieces
  5309 | D:7      | Bought a scroll labeled KIVVUA FOICOMN for 28 gold pieces
  5309 | D:7      | Bought a glowing tourmaline ring for 140 gold pieces
  5328 | D:7      | Noticed a human
  5329 | D:7      | Noticed a human
  5330 | D:7      | Noticed a human
  5332 | D:7      | Noticed a human
  5334 | D:7      | Reached skill level 3 in Armour
  5337 | D:7      | Killed a human
  5337 | D:7      | Reached skill level 4 in Invocations
  5403 | D:7      | Found Ebieragi's Distillery.
  5664 | D:7      | Found a staircase to the Ecumenical Temple.
  5699 | D:7      | Killed a human
  5699 | D:7      | Reached skill level 4 in Fighting
  5699 | D:7      | Reached skill level 4 in Dodging
  5699 | D:7      | Reached XP level 8. HP: 16/60 MP: 2/11
  5883 | D:7      | Reached skill level 5 in Evocations
  5963 | D:6      | Reached skill level 3 in Throwing
  5983 | D:5      | Noticed Edmund
  6294 | D:4      | Found a hide-covered altar of Uskayaw.
  6496 | D:5      | Noticed Duvessa
  6505 | D:5      | Noticed Duvessa
  6505 | D:5      | Duvessa changed into Duvessa the boggart
  6516 | D:5      | Killed Duvessa the boggart
  6516 | D:5      | Reached skill level 5 in Invocations
  6528 | D:5      | Noticed Dowan
  6539 | D:5      | Killed Dowan
  6616 | D:5      | Killed Edmund
  6616 | D:5      | Reached skill level 4 in Armour
  6673 | D:5      | Found a glowing silver altar of Zin.
  7155 | D:6      | Found an opulent altar of Gozag.
  7312 | D:6      | Found an ancient bone altar of Kikubaaqudgha.
  7347 | D:6      | Reached *** piety under Makhleb
  7347 | D:6      | Reached skill level 5 in Fighting
  7347 | D:6      | Reached skill level 6 in Invocations
  7377 | D:6      | Gained mutation: You regenerate magic rapidly. [demonic
                  | ancestry]
  7377 | D:6      | Reached XP level 9. HP: 68/68 MP: 11/13
  7803 | D:7      | Reached skill level 1 in Long Blades
  7803 | D:7      | Reached skill level 4 in Throwing
  7803 | D:7      | Reached skill level 5 in Dodging
  7862 | D:7      | Found Hettogh's Book Shoppe.
  7882 | D:7      | Found a burning altar of Makhleb.
  7918 | D:7      | Found Abboriu's Magic Scroll Emporium.
  8123 | D:7      | Reached skill level 2 in Long Blades
  8286 | D:7      | Reached skill level 3 in Long Blades
  8286 | D:7      | Reached skill level 5 in Armour
  8384 | D:7      | Reached skill level 7 in Invocations
  8474 | D:7      | Found a bloodstained altar of Trog.
  8520 | D:7      | Bought a potion of flight for 30 gold pieces
  8520 | D:7      | Bought a potion of might for 40 gold pieces
  8520 | D:7      | Bought a potion of heal wounds for 50 gold pieces
  8520 | D:7      | Bought a potion of curing for 30 gold pieces
  8826 | D:8      | Got a crystal morningstar
  8827 | D:8      | Identified the +3 morningstar of Adubiucy {drain, rF+} (You
                  | found it on level 8 of the Dungeon)
  9040 | D:9      | Found a shattered altar of Ashenzari.
  9042 | D:9      | Found a snail-covered altar of Cheibriados.
  9054 | D:9      | Noticed a troll
  9067 | D:9      | Killed a troll
  9309 | D:9      | Noticed a troll
  9310 | D:9      | Found a white marble altar of Elyvilon.
  9320 | D:9      | Killed a troll
  9320 | D:9      | Reached skill level 6 in Fighting
  9320 | D:9      | Reached skill level 4 in Long Blades
  9320 | D:9      | Gained mutation: You have a pair of antennae on your head.
                  | [demonic ancestry]
  9320 | D:9      | Reached XP level 10. HP: 76/76 MP: 12/15
  9382 | D:9      | Found a sacrificial altar of Ru.
  9391 | D:9      | You fall into a shaft and drop 1 floor!
  9391 | D:10     | Entered Level 10 of the Dungeon
  9615 | D:9      | Reached skill level 5 in Throwing
  9946 | D:7      | Bought a scroll of fog for 32 gold pieces
  9946 | D:7      | Bought a scroll of fear for 56 gold pieces
 10145 | D:10     | Found a staircase to the Lair.
 10243 | D:10     | Found a staircase to the Orcish Mines.
 10254 | D:10     | Found a sacrificial altar of Ru.
 10716 | D:11     | Reached skill level 6 in Dodging
 10760 | D:11     | Noticed Snorg
 10785 | D:11     | Killed Snorg
 10785 | D:11     | Reached skill level 8 in Invocations
 10959 | D:11     | Noticed Grum
 10975 | D:11     | Reached skill level 5 in Long Blades
 10984 | D:11     | Killed Grum
 11302 | D:11     | Reached skill level 6 in Armour
 11554 | D:11     | Found a shimmering blue altar of Sif Muna.
 11638 | D:11     | Killed an unseen horror
 11825 | D:7      | Bought a scroll of blinking for 120 gold pieces
 11900 | Orc:1    | Entered Level 1 of the Orcish Mines
 11971 | Orc:1    | Reached skill level 7 in Fighting
 11971 | Orc:1    | Gained mutation: You have a pair of large antennae on your
                  | head. (SInv) [demonic ancestry]
 11971 | Orc:1    | Reached XP level 11. HP: 72/84 MP: 11/17
 12046 | Orc:1    | Reached skill level 6 in Long Blades
 12319 | Orc:2    | Entered Level 2 of the Orcish Mines
 12319 | Orc:2    | Found Ticamune's Antique Armour Shoppe.
 12319 | Orc:2    | Noticed a deep troll
 12319 | Orc:2    | Noticed a two-headed ogre
 12319 | Orc:2    | Noticed an ogre mage
 12321 | Orc:2    | Noticed a two-headed ogre
 12343 | Orc:2    | Noticed a two-headed ogre
 12343 | Orc:2    | Noticed a two-headed ogre
 12343 | Orc:2    | Noticed a deep troll
 12343 | Orc:2    | Noticed a two-headed ogre
 12343 | Orc:2    | Noticed a two-headed ogre
 12343 | Orc:2    | Noticed a two-headed ogre
 12371 | Orc:1    | Killed a two-headed ogre
 12377 | Orc:1    | Killed a deep troll
 12377 | Orc:1    | Reached skill level 6 in Throwing
 12377 | Orc:1    | Reached skill level 9 in Invocations
 12480 | D:7      | Bought a scroll of identify for 32 gold pieces
 12480 | D:7      | Bought a scroll of amnesia for 56 gold pieces
 12480 | D:7      | Bought a scroll of teleportation for 48 gold pieces
 12480 | D:7      | Bought a scroll of teleportation for 48 gold pieces
 12530 | D:7      | Bought 2 potions of curing for 60 gold pieces
 12530 | D:7      | Bought a potion of berserk rage for 50 gold pieces
 12580 | D:7      | Bought a scroll of identify for 32 gold pieces
 12655 | Lair:1   | Entered Level 1 of the Lair of Beasts
 12730 | Lair:1   | Found a transporter.
 12733 | Lair:1   | Noticed Zenonira's ghost (journeyman DsGl)
 12754 | Lair:1   | Found a transporter.
 13016 | Lair:1   | Noticed an eight-headed hydra
 13048 | Lair:1   | Killed a nine-headed hydra
 13048 | Lair:1   | Reached skill level 7 in Dodging
 13115 | Lair:1   | Reached skill level 7 in Long Blades
 14139 | Lair:2   | Found a staircase to the Swamp.
 14802 | Lair:3   | Reached skill level 7 in Armour
 15006 | Lair:3   | Reached **** piety under Makhleb
 15006 | Lair:3   | Reached skill level 8 in Fighting
 15090 | Lair:3   | Reached skill level 10 in Invocations
 15108 | Lair:3   | Reached XP level 12. HP: 92/92 MP: 14/19
 15116 | Lair:3   | Noticed a seven-headed hydra
 15123 | Lair:3   | Reached skill level 8 in Long Blades
 15126 | Lair:3   | Killed a seven-headed hydra
 15231 | Lair:3   | Found a hole to the Spider Nest.
 15438 | Lair:3   | Got a smoking whip
 15439 | Lair:3   | Identified the +5 whip of Oenomania {drain, *Rage rC+ SInv}
                  | (You found it on level 3 of the Lair of Beasts)
 16361 | Lair:4   | Reached skill level 8 in Dodging
 16426 | Lair:4   | Reached skill level 9 in Long Blades
 16541 | Lair:4   | Noticed a six-headed hydra
 16554 | Lair:4   | Killed a six-headed hydra
 16587 | Lair:4   | Reached skill level 11 in Invocations
 16795 | Lair:4   | Noticed a five-headed hydra
 16811 | Lair:4   | Killed a nine-headed hydra
 16811 | Lair:4   | Reached skill level 8 in Armour
 17107 | Lair:5   | Reached skill level 9 in Fighting
 17547 | Lair:5   | Found a viscous altar of Jiyva.
 17547 | Lair:5   | Found a staircase to the Slime Pits.
 17846 | Lair:6   | Entered Level 6 of the Lair of Beasts
 17956 | Lair:6   | Gained mutation: When low on magic, you restore magic in
                  | place of health. [demonic ancestry]
 17956 | Lair:6   | Reached XP level 13. HP: 100/101 MP: 16/21
 18138 | Lair:6   | Reached skill level 10 in Long Blades
 18394 | Lair:6   | Noticed Urug
 18409 | Lair:6   | Killed Urug
 18489 | Lair:6   | HP: 5/101 [blink frog (9)]
 19042 | Lair:6   | Reached skill level 9 in Dodging
 19136 | Lair:6   | Noticed Sonja
 19148 | Lair:6   | Killed Sonja
 19642 | Lair:6   | Reached skill level 12 in Invocations
 20085 | Lair:6   | Noticed a fire dragon
 20106 | Lair:6   | Killed a fire dragon
 20543 | D:7      | Bought a scroll of enchant armour for 120 gold pieces
 20543 | D:7      | Bought a scroll of identify for 32 gold pieces
 20572 | D:7      | Bought a potion of lignification for 84 gold pieces
 20991 | Orc:1    | Reached skill level 9 in Armour
 21013 | Orc:1    | Reached skill level 11 in Long Blades
 21100 | Orc:1    | Reached skill level 10 in Fighting
 21103 | Orc:1    | Reached skill level 7 in Throwing
 21246 | Orc:1    | Gained mutation: You are mostly covered in yellow scales.
                  | (AC +3) [demonic ancestry]
 21246 | Orc:1    | Reached XP level 14. HP: 33/110 MP: 3/23
 21460 | Orc:2    | Reached ***** piety under Makhleb
 21590 | Orc:2    | Found Qossyack's Book Boutique.
 21640 | Orc:2    | Found a staircase to the Elven Halls.
 21749 | Orc:2    | Found Baofub's Assorted Antiques.
 21753 | Orc:2    | Found Tynan's Jewellery Emporium.
 22292 | Orc:1    | Upgraded the game from 0.25-a0-464-g3004169c2b to
                  | 0.25-a0-474-ga8a2ee3166
 22343 | Orc:2    | Bought a sedimented sapphire potion for 26 gold pieces
 22343 | Orc:2    | Bought a scroll of teleportation for 87 gold pieces
 22348 | Orc:2    | Bought the amulet of the Bruised Shrikes {RegenMP rPois
                  | Dex-3 Slay+5 SInv} for 841 gold pieces
 22627 | D:4      | Killed Tux's ghost
 23036 | D:12     | Noticed Maurice
 23050 | D:12     | Killed Maurice
 23830 | D:13     | Found Voih's Weapon Boutique.
 23993 | D:13     | Reached skill level 13 in Invocations
 24052 | D:13     | Found a gate to the Vaults.
 24267 | D:13     | Reached ****** piety under Makhleb
 24439 | D:14     | Found Arorgh's Food Shop.
 24554 | D:14     | Reached skill level 10 in Dodging
 24571 | D:14     | Reached skill level 12 in Long Blades
 24659 | D:14     | Reached skill level 8 in Throwing
 25063 | D:14     | Found Anula's Magic Scroll Emporium.
 25066 | D:14     | Bought a scroll of blinking for 142 gold pieces
 25307 | D:15     | Entered Level 15 of the Dungeon
 25307 | D:15     | Found a basalt altar of Yredelemnul.
 25373 | D:15     | Gained mutation: You are completely covered in yellow
                  | scales. (AC +4, rCorr) [demonic ancestry]
 25373 | D:15     | Reached XP level 15. HP: 117/117 MP: 21/25
 25495 | D:15     | Reached skill level 10 in Armour
 25614 | D:15     | Identified the cursed +0 large shield of the Pure Wars
                  | {rPois}
 25614 | D:15     | Noticed Louise
 25643 | D:15     | Killed Louise
 25643 | D:15     | Reached skill level 11 in Fighting
 25643 | D:15     | Reached skill level 6 in Evocations
 25755 | D:15     | Found a staircase to the Depths.
 26105 | Swamp:1  | Entered Level 1 of the Swamp
 26106 | Swamp:1  | Noticed Frances
 26189 | Swamp:1  | Killed Frances
 26306 | Swamp:1  | Noticed Aizul
 26336 | Swamp:1  | Killed Aizul
 26727 | Swamp:1  | Reached skill level 14 in Invocations
 26735 | Swamp:1  | You fall into a shaft and drop 1 floor!
 27081 | Swamp:2  | Reached skill level 13 in Long Blades
 27470 | Swamp:2  | Identified the +1 leather armour of Foolhardiness {Regen+
                  | Dex+4} (You found it on level 2 of the Swamp)
 27719 | Swamp:3  | Found a frozen archway.
 27719 | Swamp:3  | Noticed a thorn hunter
 27731 | Swamp:3  | Reached skill level 7 in Evocations
 27777 | Swamp:2  | Killed a thorn hunter
 27777 | Swamp:2  | Reached skill level 9 in Throwing
 27847 | Swamp:3  | Noticed a thorn hunter
 27867 | Swamp:3  | HP: 5/119 [spiny frog (5)]
 27871 | Swamp:3  | Killed a thorn hunter
 27934 | IceCv    | Entered an ice cave
 28679 | IceCv    | Gained mutation: You are immune to clouds of flame.
                  | [demonic ancestry]
 28679 | IceCv    | Reached XP level 16. HP: 106/126 MP: 24/26
 29092 | IceCv    | Noticed an Ice Fiend
 29150 | IceCv    | Killed an Ice Fiend
 29504 | Swamp:3  | Noticed a thorn hunter
 29519 | Swamp:3  | Killed a thorn hunter
 29876 | Swamp:3  | Paralysed by a hornet for 3 turns
 29879 | Swamp:3  | HP: 4/126 [hornet[a shambling mangrove] (7)]
 29879 | Swamp:3  | HP: 1/126 [tyrant leech (3)]
 30213 | Swamp:3  | Reached skill level 11 in Dodging
 30580 | Swamp:4  | Entered Level 4 of the Swamp
 30610 | Swamp:4  | Got a brightly glowing glass ring
 30611 | Swamp:4  | Identified the ring of Siucot {rN+ Int+2} (You found it on
                  | level 4 of the Swamp)
 30612 | Swamp:4  | Identified Roxanne's Handbook of Transmigration
 30612 | Swamp:4  | Noticed Roxanne
 30640 | Swamp:4  | Killed Roxanne
 31144 | Swamp:4  | Noticed a bone dragon
 31504 | Swamp:4  | Killed a bone dragon
 31504 | Swamp:4  | Reached skill level 11 in Armour
 31504 | Swamp:4  | Reached skill level 8 in Evocations
 32045 | Swamp:4  | Got a decaying rune of Zot
 32359 | Lair:1   | Killed Zenonira's ghost
 32359 | Lair:1   | Reached skill level 1 in Shields
 32376 | Lair:1   | Identified the cursed -5 helmet of Jojis {rC- Str+9} (You
                  | found it on level 1 of the Lair of Beasts)
 32438 | Spider:1 | Entered Level 1 of the Spider Nest
 32443 | Spider:1 | Reached skill level 12 in Fighting
 32597 | Spider:1 | Reached skill level 14 in Long Blades
 32610 | Spider:1 | Reached skill level 15 in Invocations
 33136 | Spider:1 | Reached XP level 17. HP: 132/132 MP: 28/28
 33447 | Spider:2 | Reached skill level 2 in Shields
 34859 | Spider:3 | Reached skill level 10 in Throwing
 35145 | Spider:3 | Reached skill level 3 in Shields
 35627 | Spider:4 | Entered Level 4 of the Spider Nest
 35728 | Spider:4 | Noticed Nikola
 35744 | Spider:4 | Killed Nikola
 35744 | Spider:4 | Reached skill level 9 in Evocations
 36331 | Spider:4 | Paralysed by a hornet for 1 turns
 36435 | Spider:4 | Got a gossamer rune of Zot
 36731 | Spider:4 | Noticed Arachne
 36747 | Spider:4 | Gained mutation: Your magical and physical power is
                  | slightly enhanced at high health. [demonic ancestry]
 36747 | Spider:4 | Reached XP level 18. HP: 106/141 MP: 24/29
 36756 | Spider:4 | Mangled by Arachne

Levels and vault maps discovered:
D:1:      onia_arrival_zoo_common, layout_basic, kennysheep_flooded_box
D:2:      layout_rooms, lemuel_round_altar, first_ration,
          chequers_ecumenical_altar_simple, minmay_misc_feat_enclosed
D:3:      layout_basic, minmay_statues_item, minmay_shallow_snake_nest
D:4:      layout_loops_ring, nemelex_xobeh_ov_fountains_minmay,
          ebering_ghost_sewer_d, lemuel_statue_altar
D:5:      layout_loops_cross, basic_altar, gup_ossuary_entry_pyramid,
          uniq_edmund, uniq_duvessa
D:6:      layout_rooms, kennysheep_mini, nicolae_overflow_crystal_walls,
          grunt_ministairs_11
D:7:      layout_loops_ring, makhleb_blood_cavern_becter, okawaru_gym_becter,
          lightli_temple_of_fire, minmay_temple_entry_large_hall, serial_shops,
          shop, nicolae_shop_competitors_out_of_business, shop,
          nicolae_shop_overgrown_old_shop, grunt_livestock, minmay_ruffians
D:8:      layout_rooms
D:9:      layout_roguey, overflow_temple_1_default, old_standard_altar,
          nicolae_ru_path_of_blood, basic_altar, nrook_uturn
D:10:     layout_roguey, david_lair_shrubbed, orc_0_dummy, basic_altar
D:11:     layout_loops_cross, tgw_sif, uniq_snorg, uniq_grum
D:12:     layout_basic, uniq_maurice
D:13:     layout_roguey, david_vaults_1, serial_shops, nicolae_shop_trees
D:14:     layout_stronghold, serial_shops, shop, kennysheep_mini_moat,
          minivault_23
D:15:     hangedman_depths_entry_try_elsewhere_first, layout_cave_pools,
          skrybe_limestone_x, basic_altar, uniq_louise
Lair:1:   layout_regular_city, gammafunk_ghost_berserking_beasts,
          infiniplex_staircase_pool
Lair:2:   layout_cave_pods, minmay_swamp_entry_eels
Lair:3:   layout_loops_ring, spider_nest_entry_a
Lair:4:   layout_gridlike, minivault_26, grunt_megastairs_1
Lair:5:   layout_hall_layers, dpeg_slime_entry_enclosed_altar, serial_rivers,
          chequers_serial_rivers_large_a, chequers_serial_rivers_micro_c,
          chequers_serial_rivers_micro_e, chequers_serial_rivers_small_b,
          chequers_serial_rivers_micro_b, serial_bayou_lake_a
Lair:6:   hangedman_lair_tendril_chambers, layout_cave_pods,
          guppyfry_lair_end_dragon, uniq_urug, uniq_sonja
Swamp:1:  layout_basic_swamp, evilmike_swamp_ruin_house_1, swamp_pool1,
          infiniplex_staircase_pool_2, uniq_aizul, uniq_frances
Swamp:2:  layout_falls_marsh, evilmike_swamp_ruin_rubble_2, swamp_pool1,
          cheibrodos_swamp_pet_leeches
Swamp:3:  layout_basic_swamp, portal_ice_cave_entry_ice_statue_two,
          evilmike_swamp_ruin_house_3, swamp_pool4
Swamp:4:  swamp_pestilence, layout_basic_swamp, swamp_pool5, uniq_roxanne
Spider:1: layout_spider_delve
Spider:2: layout_chambers, nicolae_orb_stairs
Spider:3: layout_spider_delve, guppyfry_spider_mini_2,
          hangedman_spider_tarantella_strand
Spider:4: johnstein_spider_rune_arachne_lair, uniq_arachne, uniq_nikola
Orc:1:    layout_caves
Orc:2:    st_orc_open, layout_caves

Skill      XL: |  1  2  3  4  5  6  7  8  9 10 11 12 13 14 15 16 17 |
---------------+----------------------------------------------------+-----
Dodging        | 2 3 4 5 6 7 8 9 10 11 | 11.8
Armour         | 1 2 3 4 5 6 7 8 9 10 11 | 11.7
Fighting       | 2 3 4 5 6 7 8 9 10 11 12 | 12.6
Invocations    | 1 2 3 4 6 7 8 10 11 12 13 14 15 | 15.7
Throwing       | 1 2 3 4 5 6 7 8 9 10 | 10.4
Evocations     | 4 5 7 8 9 |  9.3
Long Blades    | 4 5 7 9 11 12 13 14 | 14.8
Shields        | 1 3 |  3.9
Short Blades   | |  0.8
Stealth        | |  0.8

Action                   |  1- 3 |  4- 6 |  7- 9 | 10-12 | 13-15 | 16-18 || total
-------------------------+-------+-------+-------+-------+-------+-------++-------
Melee: Short sword       |   167 |   295 |   280 |       |       |       ||   742
       Flail             |       |       |    61 |     2 |       |       ||    63
       Long sword        |       |       |   187 |   940 |   356 |       ||  1483
       Double sword      |       |       |       |       |   963 |  1207 ||  2170
       Scimitar          |       |       |       |       |    60 |    31 ||    91
Throw: Dart              |       |     9 |    11 |    41 |    29 |    63 ||   153
       Boomerang         |       |       |       |       |    25 |    35 ||    60
       Javelin           |       |       |       |       |       |     4 ||     4
Invok: Minor Destruction |       |     2 |    28 |       |     3 |       ||    33
       Lesser Servant of |       |       |       |    25 |    19 |     7 ||    51
 Abil: Evoke Berserk Rag |       |       |     8 |    16 |     6 |       ||    30
Evoke: Wand              |     7 |    34 |     6 |     4 |    12 |    14 ||    77
       Lamp of fire      |       |       |       |       |       |     1 ||     1
       Phial of floods   |       |       |       |       |       |     1 ||     1
  Use: Potion            |       |     4 |       |     1 |     6 |     2 ||    13
       Scroll            |       |     4 |     1 |    10 |    23 |     7 ||    45
 Stab: Distracted        |       |       |       |     2 |     9 |     2 ||    13
       Paralysed         |       |       |       |       |    16 |     4 ||    20
       Held in net/web   |       |       |       |       |       |     1 ||     1
  Eat: Chunk             |     2 |    25 |    16 |    32 |    37 |    19 ||   131
       Ration            |       |       |     1 |     5 |     2 |     3 ||    11
Armor: Leather armour    |    22 |       |       |       |       |       ||    22
       Ring mail         |    63 |    48 |       |       |       |       ||   111
       Scale mail        |       |   127 |   217 |    18 |       |       ||   362
       Troll leather arm |       |       |       |   286 |   427 |   522 ||  1235
       Chain mail        |       |       |       |       |    36 |    86 ||   122
Dodge: Dodged            |   133 |   170 |   308 |  1080 |  1538 |  1348 ||  4577
Block: Buckler           |       |       |       |       |       |   192 ||   192
       Rpst.: Long sword |       |       |    32 |   245 |   103 |       ||   380
       Double sword      |       |       |       |       |   268 |   258 ||   526
       Scimitar          |       |       |       |       |    16 |     4 ||    20

Table legend:
 A = Non-vault XP
 B = Vault XP
 C = Vault XP percentage of total XP
 D = Non-vault monster count
 E = Vault monster count
 F = Vault count percentage of total count
                 A         B        C        D         E       F
            +---------+---------+-------+---------+---------+-------
      Total |  191657 |   99413 |  34.2 |     821 |     309 |  27.3
            +---------+---------+-------+---------+---------+-------
        D:1 |      44 |       0 |   0.0 |      20 |       0 |   0.0
        D:2 |     120 |       0 |   0.0 |      28 |       0 |   0.0
        D:3 |      63 |      18 |  22.2 |      29 |       4 |  12.1
        D:4 |     293 |     534 |  64.6 |      10 |       3 |  23.1
        D:5 |     168 |     378 |  69.2 |       4 |       4 |  50.0
        D:6 |     591 |     131 |  18.1 |      14 |       2 |  12.5
        D:7 |     512 |    1917 |  78.9 |      14 |      11 |  44.0
        D:8 |     512 |       0 |   0.0 |       9 |       0 |   0.0
        D:9 |    1289 |       0 |   0.0 |       8 |       0 |   0.0
       D:10 |     219 |     355 |  61.8 |       3 |       1 |  25.0
       D:11 |    2572 |    1076 |  29.5 |      23 |       5 |  17.9
       D:12 |    4906 |     445 |   8.3 |      41 |       1 |   2.4
       D:13 |    9200 |    1425 |  13.4 |      43 |       3 |   6.5
       D:14 |   10650 |       0 |   0.0 |      44 |       0 |   0.0
       D:15 |   13860 |    4016 |  22.5 |      35 |       5 |  12.5
     Lair:1 |    3781 |    2138 |  36.1 |      22 |       5 |  18.5
     Lair:2 |    2130 |     276 |  11.5 |       6 |       6 |  50.0
     Lair:3 |    5372 |       0 |   0.0 |      31 |       0 |   0.0
     Lair:4 |    8999 |     949 |   9.5 |      37 |       6 |  14.0
     Lair:5 |    1596 |       0 |   0.0 |      10 |       0 |   0.0
     Lair:6 |    8098 |   11929 |  59.6 |      40 |      48 |  54.5
    Swamp:1 |   12900 |    3893 |  23.2 |      33 |       2 |   5.7
    Swamp:2 |   12198 |     796 |   6.1 |      21 |       3 |  12.5
    Swamp:3 |   17663 |     891 |   4.8 |      38 |       2 |   5.0
    Swamp:4 |    5669 |   16396 |  74.3 |      14 |      47 |  77.0
   Spider:1 |   17021 |       0 |   0.0 |      45 |       0 |   0.0
   Spider:2 |   12985 |    2975 |  18.6 |      34 |       5 |  12.8
   Spider:3 |   13971 |    1757 |  11.2 |      42 |       7 |  14.3
   Spider:4 |   19598 |   22008 |  52.9 |      55 |      36 |  39.6
      Orc:1 |    3073 |   12064 |  79.7 |      39 |      31 |  44.3
      Orc:2 |    1604 |    3066 |  65.7 |      29 |       6 |  17.1
    Ossuary |       0 |     409 | 100.0 |       0 |      13 | 100.0
      IceCv |       0 |    9571 | 100.0 |       0 |      53 | 100.0
            +---------+---------+-------+---------+---------+-------
